AoeStats
← OM | Kerry Copyto

African Clearing

506521960Analyzed
4v4 RM · 19d ago on Sep 13, 2026· 59m 27s· 8 players
Game mode
Random Map
Map size
Large (8 player)
Population
200
Speed
Normal
Resources
Standard
Victory
Conquest
Starting age
Dark Age
Ending age
Imperial Age
RankedLock teamsTeams togetherTeam positionsShared explorationLock speedFull tech treeHidden civsTurbo modeCheats
Victory
Defeat
🇦🇷 Tatars · Argentina
1393
+17
🇦🇷 Turks · Argentina
1386
+17
🇨🇴 Huns · Colombia
1363
+18
🇦🇷 Teutons · Argentina
1341
+19
🇲🇽 Vietnamese · Mexico
1482
-20
🇲🇽 Berbers · Mexico
1422
-18
🇲🇽 Armenians · Mexico
1379
-17
🇲🇽 Wei · Mexico
1361
-16
OM | Romeo D. Sins
3:30 Loom
12:06 Feudal Age
12:45 Double-Bit Axe
16:16 Forging
16:33 Horse Collar
18:11 Scale Barding Armor
22:43 Castle Age
21:35 Scale Barding Armor
22:01 Bloodlines
24:02 Iron Casting
23:31 Husbandry
24:12 Bow Saw
24:11 Heavy Plow
25:05 Fletching
25:21 Padded Archer Armor
26:48 Bodkin Arrow
30:01 Leather Archer Armor
38:47 Imperial Age
36:37 Gold Mining
37:53 Ballistics
37:53 Thumb Ring
40:02 Wheelbarrow
39:29 Bracer
38:52 Elite Camel Archer
40:46 Chemistry
40:25 Conscription
40:19 Murder Holes
41:10 Ring Archer Armor
42:12 Hoardings
43:20 Chain Barding Armor
44:20 Maghrebi Camels
44:33 Siege Engineers
45:59 Blast Furnace
45:34 Plate Barding Armor
44:56 Heavy Camel Rider
47:04 Plate Barding Armor
48:04 Crop Rotation
53:52 Kasbah
53:14 Light Cavalry
54:13 Masonry
54:15 Fortified Wall
55:49 Stone Mining
56:34 Gold Shaft Mining
56:16 Hand Cart
55:46 Town Watch
Nataly_
3:13 Loom
12:00 Feudal Age
13:20 Double-Bit Axe
21:38 Wheelbarrow
26:38 Castle Age
27:34 Bow Saw
28:21 Scale Barding Armor
28:20 Husbandry
OM | Kerry Copyto
5:15 Loom
12:41 Feudal Age
13:19 Double-Bit Axe
15:33 Fletching
17:13 Padded Archer Armor
24:15 Castle Age
25:02 Bodkin Arrow
24:29 Crossbowman
26:16 Leather Archer Armor
27:43 Bow Saw
30:51 Ballistics
42:24 Horse Collar
55:33 Elite Skirmisher
57:02 Wheelbarrow
57:35 Heavy Plow
OM | Massiosare
5:15 Loom
14:18 Feudal Age
14:29 Man-at-Arms
15:31 Arson
24:33 Forging
24:24 Scale Mail Armor
23:46 Long Swordsman
35:21 Castle Age
34:32 Double-Bit Axe
34:41 Gold Mining
34:45 Stone Mining
35:34 Horse Collar
37:32 Bow Saw
38:01 Gold Shaft Mining
37:30 Heavy Plow
40:40 Fletching
43:07 Padded Archer Armor
43:52 Bodkin Arrow
44:55 Leather Archer Armor
45:08 Ballistics
53:46 Fortified Wall
53:34 Murder Holes
60:22 Imperial Age
TVHG.LALO_CAESTA
8:57 Loom
14:41 Feudal Age
18:56 Castle Age
20:52 Scale Barding Armor
31:42 Ballistics
37:09 Chain Barding Armor
38:38 Double-Bit Axe
38:36 Horse Collar
42:21 Wheelbarrow
43:17 Forging
43:38 Bloodlines
43:29 Husbandry
44:41 Iron Casting
45:17 Hand Cart
44:48 Town Watch
46:11 Gold Mining
46:12 Stone Mining
49:08 Heavy Plow
53:17 Imperial Age
52:01 Fletching
52:13 Padded Archer Armor
53:09 Thumb Ring
53:00 Bodkin Arrow
54:06 Bracer
54:22 Leather Archer Armor
55:10 Chemistry
53:39 Heavy Cavalry Archer
54:44 Parthian Tactics
54:59 Plate Barding Armor
56:05 Conscription
57:15 Blast Furnace
55:46 Light Cavalry
57:30 Hussar
BuMm
4:55 Loom
13:11 Feudal Age
14:00 Double-Bit Axe
15:19 Town Watch
18:06 Forging
28:14 Castle Age
26:34 Scale Barding Armor
26:45 Horse Collar
27:32 Gold Mining
28:03 Bloodlines
29:15 Chain Barding Armor
29:29 Bow Saw
30:16 Iron Casting
36:14 Wheelbarrow
40:04 Hand Cart
39:35 Town Watch
39:54 Stone Mining
44:55 Imperial Age
43:20 Stone Shaft Mining
43:23 Heavy Plow
46:19 Plate Barding Armor
45:05 Cavalier
47:19 Blast Furnace
47:53 Paladin
50:09 Pikeman
50:49 Squires
50:47 Halberdier
51:47 Scale Mail Armor
53:43 Chain Mail Armor
53:20 Fletching
54:04 Conscription
57:17 Chemistry
57:01 Bodkin Arrow
57:38 Arson
58:24 Plate Mail Armor
58:47 Town Patrol
58:10 Elite Teutonic Knight
AssassingBlue
3:58 Loom
13:33 Feudal Age
14:07 Double-Bit Axe
15:21 Town Watch
16:36 Fletching
16:49 Padded Archer Armor
20:57 Castle Age
21:29 Padded Archer Armor
22:59 Crossbowman
29:30 Wheelbarrow
29:39 Horse Collar
38:56 Gold Mining
39:25 Heavy Plow
42:56 Bodkin Arrow
43:21 Elite Skirmisher
45:48 Leather Archer Armor
46:05 Bow Saw
49:12 Imperial Age
47:17 Ballistics
50:27 Ring Archer Armor
51:00 Chemistry
49:41 Treadmill Crane
50:18 Hand Cart
55:02 Bracer
55:00 Murder Holes
55:35 Hand Cart
55:22 Town Patrol
55:20 Guard Tower
55:57 Timurid Siegecraft
56:11 Conscription
57:25 Heavy Cavalry Archer
TheKillerSoap
2:59 Loom
14:19 Feudal Age
18:32 Castle Age
16:34 Stone Mining
17:22 Double-Bit Axe
19:48 Padded Archer Armor
22:27 Town Watch
28:41 Wheelbarrow
28:38 Leather Archer Armor
29:23 Gold Mining
31:43 Hand Cart
35:36 Imperial Age
34:18 Fletching
37:21 Conscription
40:10 Elite Janissary
44:59 Ring Archer Armor
48:55 Scale Barding Armor
50:19 Husbandry
50:44 Bloodlines
51:47 Chain Barding Armor
54:23 Forging
54:49 Plate Barding Armor
58:55 Iron Casting
Connection lost

Rejoining the realm…

Still unreachable

The connection could not be restored.

Session expired

The server has moved on; the page needs a fresh start.